 Seeded DCSS version 0.27.1-34-g3ba077fa99 (webtiles) character file.

Game seed: 15007771747203934154 (custom seed)

6050 voltaire321 the Spear-Bearer (level 10, 0/80 HPs)
             Began as a Merfolk Gladiator on Jan 20, 2022.
             Killed by divine providence
             ... invoked by an orc priest
              (14 damage)
             ... on level 9 of the Dungeon.
             The game lasted 00:18:37 (7184 turns).

voltaire321 the Spear-Bearer (Merfolk Gladiator)    Turns: 7184, Time: 00:18:38

Health: 0/80       AC: 10    Str: 15    XL:     10   Next: 87%
Magic:  10/10      EV: 20    Int:  7    God:
Gold:   470        SH:  6    Dex: 25    Spells: 9/9 levels left

rFire    + . .     SeeInvis .   u - +8 lance "Wyrmbane" {slay drac, rPois rF+ rC+ AC+3}
rCold    + . .     Faith    .   B - +0 buckler
rNeg     . . .     Spirit   .   b - +0 leather armour
rPois    +         Reflect  .   c - +0 helmet
rElec    .         Harm     .   q - +0 cloak
rCorr    .         Rampage  .   (no gloves)
Will     .....                  y - +0 pair of boots
Stlth    ++........             (no amulet)
HPRegen  0.23/turn              l - +4 ring of slaying
MPRegen  0.12/turn              p - +6 ring of dexterity

@: no status effects
A: (nimble swimmer 2), mertail
a: no special abilities


You were on level 9 of the Dungeon.
You visited 2 branches of the dungeon, and saw 10 of its levels.

You collected 470 gold pieces.

Inventory:

Hand Weapons
 u - the +8 lance "Wyrmbane" (weapon) {slay drac, rPois rF+ rC+ AC+3}
   (You found it on level 3 of the Dungeon)

   It inflicts extra damage against dragons and draconians.
   AC:        It affects your AC (+3).
   rF:        It protects you from fire.
   rC:        It protects you from cold.
   rPois:     It protects you from poison.
Missiles
 a - 62 poisoned darts (quivered)
 d - 5 throwing nets
Armour
 b - a +0 leather armour (worn)
 c - a +0 helmet (worn)
 q - a +0 cloak (worn)
 y - a +0 pair of boots (worn)
 B - a +0 buckler (worn)
Jewellery
 l - a +4 ring of slaying (left hand)
 p - a +6 ring of dexterity (right hand)
 x - a +6 ring of dexterity
Wands
 r - a wand of polymorph (14)
Scrolls
 f - 6 scrolls of identify {unknown}
 g - 3 scrolls of noise {unknown}
 h - 6 scrolls of teleportation {unknown}
 i - a scroll of brand weapon {unknown}
 j - 3 scrolls of enchant weapon {unknown}
 v - a scroll of immolation {unknown}
 w - a scroll of acquirement {unknown}
 A - a scroll of enchant armour {unknown}
 C - a scroll of fear {unknown}
 E - a scroll of vulnerability {unknown}
 F - a scroll of fog {unknown}
Potions
 e - 3 potions of degeneration {unknown}
 k - 4 potions of curing {unknown}
 m - 5 potions of ambrosia {unknown}
 n - 5 potions of brilliance {unknown}
 o - 2 potions of mutation {unknown}
 s - a potion of attraction {unknown}
 t - a potion of lignification {unknown}
 z - a potion of heal wounds {unknown}
 D - a potion of resistance {unknown}


   Skills:
 + Level 8.2 Fighting
 + Level 11.2 Polearms
 - Level 6.0 Throwing
 - Level 5.0 Armour
 + Level 10.2 Dodging
 + Level 4.3 Shields


You had 9 spell levels left.
You didn't know any spells.
Your spell library contained the following spells:

 Spells                   Type           Power      Damage    Failure   Level
 Apportation              Tloc           0%         N/A       50%         1
 Foxfire                  Conj/Fire      0%         2x1d4     50%         1
 Ensorcelled Hibernation  Hex/Ice        0%         N/A       63%         2
 Conjure Flame            Conj/Fire      0%         6-21      86%         3
 Inner Flame              Hex/Fire       0%         N/A       86%         3
 Spider Form              Tmut/Pois      0%         N/A       86%         3
 Alistair's Intoxication  Tmut/Pois      0%         N/A       100%        5
 Invisibility             Hex            0%         N/A       100%        6
 Shadow Creatures         Summ           N/A        N/A       100%        6


Dungeon Overview and Level Annotations

Branches:
Dungeon (9/15)             Temple (1/1) D:4            Lair (0/6) D:8
    Orc: D:9-12

Altars:
Ashenzari
Dithmenos
Elyvilon
Fedhas
Gozag
Makhleb
Nemelex Xobeh
Okawaru
Qazlal
Ru
Uskayaw
Vehumet
Xom
Yredelemnul
Zin
The Shining One


Innate Abilities, Weirdness & Mutations

((You are quick and stealthy near water. (Stealth+, EV+, Speed+++)))
Your lower body shifts to a powerful aquatic tail in water.


Message History

You closely miss the orc warrior.
The orc warrior hits you with a +0 war axe.
You block the orc's attack.
You puncture the orc warrior!
The orc warrior is moderately wounded.
You hit the orc warrior.
The orc warrior is moderately wounded.
The orc closely misses you. The orc warrior misses you.
You hit the orc warrior.
The orc warrior is heavily wounded.
The orc priest calls down the wrath of Beogh upon you.
Beogh smites you!
You puncture the orc warrior!
The orc warrior is almost dead.
The orc hits you but does no damage.
The orc warrior hits you with a +0 war axe!
Your leather armour prevents you from hitting the orc warrior.
The orc warrior is almost dead.
You puncture the orc warrior!
You kill the orc warrior!
The orc closely misses you.
You barely miss the orc. You puncture the orc!
You kill the orc!
The orc misses you.
You are too injured to fight recklessly!
Okay, then.
You puncture the orc!
You kill the orc!
The orc priest calls down the wrath of Beogh upon you.
Beogh smites you!
Items here: $ ))) [[ ††.
You hit the orc wizard.
The orc wizard is moderately wounded.
The orc priest mumbles some strange prayers to Beogh against you.
Beogh smites you!
* * * LOW HITPOINT WARNING * * *
The orc priest calls down the wrath of Beogh upon you.
Beogh smites you!
You die...

###......##.##...
#.......##..#....
#..#####.........
#.. #.........
... #......... ..
#.........
.#####.........
.........#####.
#.......@####
.#..#.#..)oo#
..##.#..###o# .
###### #.)...o..
#.......o
##....... #...#..
#8## . ##


You could see an orc priest, an orc wizard and an orc.

Vanquished Creatures
  Pikel (D:9)
  A komodo dragon (D:8)
  Grinder (D:5)
  A wyvern (D:7)
  2 yaks (D:8)
  5 water moccasins
  2 ice beasts
  7 orc warriors
  4 necrophages
  A sky beast (D:8)
  An ogre (D:6)
  4 black bears
  A centaur (D:4)
  A phantom (D:4)
  2 lemures (D:9)
  3 kobold brigands
  2 bullfrogs (D:8)
  A gnoll sergeant (D:6)
  A wyvern zombie (D:6)
  6 scorpions
  3 killer bees (D:7)
  4 howler monkeys
  3 centaur zombies
  A bullfrog zombie (D:6)
  7 orc priests
  A hound (D:6)
  A jelly (D:5)
  Crazy Yiuf (D:3)
  A gnoll shaman (D:7)
  2 bullfrog skeletons
  4 centaur skeletons
  6 orc wizards
  6 iguanas
  A hound zombie (D:5)
  8 gnolls
  5 adders
  A shadow imp (D:3)
  3 ufetubi
  An adder skeleton (D:4)
  3 worms
  2 dart slugs (D:3)
  37 orcs
  2 bats (D:1)
  8 endoplasms
  3 giant cockroaches
  4 goblins
  3 hobgoblins
  15 kobolds
  6 quokkas
  2 ball pythons
  6 frilled lizards
  A quokka skeleton (D:4)
  5 rats
203 creatures vanquished.

Vanquished Creatures (others)
  55 fungi (D:8)
  60 plants
115 creatures vanquished.

Grand Total: 318 creatures vanquished

Notes
Turn   | Place    | Note
-------+----------+-------------------------------------------
     0 | D:1      | voltaire321 the Merfolk Gladiator began the quest for the
                  | Orb.
     0 | D:1      | Reached XP level 1. HP: 16/16 MP: 1/1
   298 | D:1      | Reached XP level 2. HP: 23/23 MP: 2/2
  1297 | D:2      | Noticed a necrophage
  1304 | D:2      | Killed a necrophage
  1305 | D:2      | Reached skill level 5 in Polearms
  1305 | D:2      | Reached skill level 1 in Armour
  1305 | D:2      | Reached XP level 3. HP: 18/29 MP: 3/3
  1305 | D:2      | Reached XP level 4. HP: 22/35 MP: 4/4
  1423 | D:2      | Found a faded altar of an unknown god.
  1743 | D:3      | Reached XP level 5. HP: 41/41 MP: 5/5
  1861 | D:3      | Found a runed translucent door.
  1862 | D:3      | Noticed Crazy Yiuf
  1873 | D:3      | Killed Crazy Yiuf
  2220 | D:3      | Found a broken altar of Ashenzari.
  2254 | D:3      | Reached skill level 5 in Dodging
  2711 | D:3      | Found the +8 lance "Wyrmbane" {slay drac, rPois rF+ rC+
                  | AC+3}
  2947 | D:4      | Noticed a necrophage
  2952 | D:4      | Killed a necrophage
  2953 | D:4      | Reached skill level 6 in Polearms
  2953 | D:4      | Reached XP level 6. HP: 48/48 MP: 6/6
  2983 | D:4      | Found a staircase to the Ecumenical Temple.
  3007 | Temple   | Entered the Ecumenical Temple
  3175 | D:4      | Found a sacrificial altar of Ru.
  3289 | D:4      | Reached XP level 7. HP: 53/53 MP: 7/7
  3657 | D:4      | Found a shimmering altar of Xom.
  3661 | D:4      | Found an iron altar of Okawaru.
  3661 | D:4      | Found a stormy altar of Qazlal.
  3663 | D:4      | Found a stormy altar of Qazlal.
  3663 | D:4      | Found a hazy altar of Hepliaklqana.
  3663 | D:4      | Found a basalt altar of Yredelemnul.
  3792 | D:5      | Entered Level 5 of the Dungeon
  3856 | D:5      | Reached skill level 7 in Polearms
  3911 | D:5      | Reached XP level 8. HP: 61/61 MP: 8/8
  4001 | D:5      | Reached skill level 5 in Fighting
  4281 | D:5      | Noticed Grinder
  4292 | D:5      | Killed Grinder
  4293 | D:5      | Reached skill level 8 in Polearms
  4293 | D:5      | Reached skill level 5 in Throwing
  4608 | D:6      | Reached XP level 9. HP: 69/69 MP: 9/9
  4873 | D:6      | Reached skill level 9 in Polearms
  5356 | D:7      | Reached skill level 1 in Shields
  5516 | D:7      | Found a stormy altar of Qazlal.
  5824 | D:7      | Found a white marble altar of Elyvilon.
  6029 | D:8      | Reached XP level 10. HP: 79/79 MP: 10/10
  6034 | D:8      | Reached skill level 10 in Polearms
  6204 | D:8      | Found a hide-covered altar of Uskayaw.
  6205 | D:8      | Noticed a +0 dagger
  6205 | D:8      | Noticed a +0 hand axe
  6402 | D:8      | Identified the -3 tower shield of Jebb {rF+ Will- Regen+
                  | Int+4}
  6524 | D:8      | Reached skill level 5 in Armour
  6538 | D:8      | Found a staircase to the Lair.
  6708 | D:8      | Found a glowing silver altar of Zin.
  7096 | D:9      | Noticed Pikel
  7105 | D:9      | Killed Pikel
  7106 | D:9      | Reached skill level 10 in Dodging
  7125 | D:9      | Reached skill level 11 in Polearms
  7184 | D:9      | Killed from afar by an orc priest

Illustrated notes

Levels and vault maps discovered:
D:1:      dpeg_arrival_orchard, layout_basic
D:2:      layout_loops_ring, shapermc_ecumenical_altar_mp_ritualfount,
          supply_closet_lemuel, amcnicky_mini_pool_small,
          chequers_serial_rivers_micro_c
D:3:      minmay_octagon_keep, layout_basic, ashenzari_altar_1,
          uniq_crazy_yiuf_cottage
D:4:      layout_loops_cross, nicolae_ru_sacrificial_ziggurat,
          doesnt_xom_only_xom, minmay_temple_entry_statues_pillars,
          lexackson_kobold_supper
D:5:      layout_rooms, dk_vineyard_2, minmay_misc_feat_encased, st_stairs_11,
          uniq_grinder
D:6:      layout_basic
D:7:      layout_gridville, mainiacjoe_overflow_brackets, old_standard_altar
D:8:      layout_loops_ring, dancing_weapons_uskayaw, zin_statuary,
          due_lair_maze_entry_diamond, minmay_misc_feat_plants, minivault_5
D:9:      layout_big_octagon, nzn_overflow_gifts_of_might_and_magic,
          slow_altar_2, lemuel_mausoleum_altar_kikubaaqudgha,
          nicolae_wu_jian_immortal_techniques, david_orc_4, uniq_harold,
          uniq_pikel
Temple:   nicolae_temple_figure_zero

Skill      XL: |  1  2  3  4  5  6  7  8  9 10 |
---------------+-------------------------------+-----
Fighting       | 3 4 5 7 8 |  8.2
Polearms       | 5 6 7 8 9 11 | 11.2
Armour         | 1 2 3 4 5 |  5.0
Throwing       | 3 4 5 6 |  6.0
Dodging        | 5 6 7 9 10 | 10.2
Shields        | 2 4 |  4.3

Action                   |  1- 3 |  4- 6 |  7- 9 | 10-12 || total
-------------------------+-------+-------+-------+-------++-------
Melee: Trident           |    53 |    36 |       |       ||    89
       Lance             |       |    36 |   256 |   209 ||   501
Throw: Dart              |       |       |     7 |       ||     7
 Stab: Sleeping          |     2 |     5 |     4 |     2 ||    13
       Distracted        |       |       |     1 |       ||     1
Armor: Leather armour    |     5 |     4 |    38 |    16 ||    63
Dodge: Dodged            |    23 |    15 |   104 |    55 ||   197
Block: Buckler           |       |       |     7 |    22 ||    29
